 Dungeon Crawl Stone Soup version 0.25-a0-517-gf8b3a32422 (webtiles) character file.

Game seed: 8071421799230162236, levelgen mode: classic

59 EnegeticOcto the Shield-Bearer (level 3, 0/34 HPs)
             Began as a Deep Dwarf Fighter on Feb 17, 2020.
             Killed by nerve-wracking pain
             ... invoked by an orc priest
              (8 damage)
             ... on level 4 of the Dungeon.
             The game lasted 00:00:26 (384 turns).

EnegeticOcto the Shield-Bearer (Deep Dwarf Fighter)  Turns: 384, Time: 00:00:27

Health: 0/34       AC: 10    Str: 20    XL:     3   Next: 78%
Magic:  3/3        EV:  8    Int:  8    God:
Gold:   39         SH:  9    Dex: 12    Spells: 2/2 levels left

rFire    . . .     SeeInvis .   a - +0 war axe
rCold    . . .     Gourm    .   c - +0 kite shield
rNeg     . . .     Faith    .   b - +0 scale mail
rPois    .         Spirit   .   j - +2 helmet
rElec    .         Reflect  .   (no cloak)
rCorr    .         Harm     .   (no gloves)
MR       .....                  (no boots)
Stlth    ..........             f - amulet of the acrobat
HPRegen  0.00/turn              (no ring)
MPRegen  0.08/turn              (no ring)

@: lethally poisoned (0 -> 0), non-regenerating
A: damage resistance, heal wounds, sense surroundings 1, no regeneration
a: Heal Wounds


You were on level 4 of the Dungeon.
You were not hungry.

You visited 1 branch of the dungeon, and saw 4 of its levels.

You collected 39 gold pieces.

Inventory:

Hand Weapons
 a - a +0 war axe (weapon)
Armour
 b - a +0 scale mail (worn)
 c - a +0 kite shield (worn)
 j - a +2 helmet (worn)
Jewellery
 f - an amulet of the acrobat (around neck)
Scrolls
 d - a scroll of enchant armour {unknown}
Potions
 g - a potion of ambrosia {unknown}
 h - a potion of degeneration {unknown}
 k - a potion of might {@q3}
Comestibles
 e - 2 rations
 i - 3 chunks of flesh


   Skills:
 * Level 3.2 Fighting
 * Level 3.0 Axes
 + Level 3.6 Armour
 + Level 1.2 Dodging
 + Level 3.7 Shields


You had 2 spell levels left.
You didn't know any spells.
Your spell library was empty.

Dungeon Overview and Level Annotations

Branches:
Dungeon (4/15)
 Temple: D:4-7

Altars:


Innate Abilities, Weirdness & Mutations

You are resistant to damage.
You can heal yourself by infusing magical energy.
You passively map a small area around you.
You do not regenerate.


Message History

You barely miss the giant cockroach.
The giant cockroach is almost dead.
Your shield prevents you from hitting the orc.
You hit the worker ant.
The orc priest invokes the aid of Beogh against you.
Beogh smites you! The worker ant closely misses you.
You block the giant cockroach's attack.
An orc comes into view. It is wielding a +0 dagger.
The orc priest mumbles some strange prayers to Beogh against you.
Beogh smites you!
* * * LOW HITPOINT WARNING * * *
The worker ant barely misses you. The orc hits you but does no damage.
You block the giant cockroach's attack.
You are too injured to fight recklessly!
You are too injured to fight recklessly!
You are too injured to fight recklessly!
You are too injured to fight recklessly!
You are too injured to fight recklessly!
You are too injured to fight recklessly!
You are too injured to fight recklessly!
You are too injured to fight recklessly!
You are too injured to fight recklessly!
You are too injured to fight recklessly!
You feel much better.
The orc shouts!
You block the worker ant's attack.
The giant cockroach bites you but does no damage.
The orc barely misses you.
You fail to use your ability.
The worker ant bites you. The giant cockroach barely misses you.
The orc priest hits you but does no damage.
You barely miss the giant cockroach.
The giant cockroach is severely wounded.
Your shield prevents you from hitting the worker ant.
You hit the orc. You slash the orc!
You kill the orc!
You closely miss the orc priest.
The worker ant bites you but does no damage.
You block the giant cockroach's attack. The orc hits you with a +0 flail.
The orc priest closely misses you. The worker ant bites you.
You block the giant cockroach's attack. The orc hits you but does no damage. x2
You hit the orc.
You kill the orc!
You closely miss the orc. You barely miss the orc priest.
You barely miss the giant cockroach.
You hit the worker ant but do no damage.
The worker ant bites you.
The giant cockroach bites you but does no damage.
You block the orc's attack. You block the orc priest's attack.
The worker ant barely misses you.
The giant cockroach bites you but does no damage.
You slash the giant cockroach!
You kill the giant cockroach!
You hit the worker ant but do no damage.
You closely miss the orc.
Your scale mail prevents you from hitting the orc priest.
You hit the orc priest.
The orc drinks a potion.
The orc goes berserk!
You block the worker ant's attack.
The orc priest calls down the wrath of Beogh upon you.
Beogh smites you!
The orc priest calls upon Beogh to heal the orc priest.
The orc priest's wounds heal themselves!
You block the orc's attack.
You hit the worker ant.
The worker ant is severely wounded.
You hit the orc priest. You closely miss the orc priest. You hit the orc.
You block the worker ant's attack. The orc hits you but does no damage.
You block the orc priest's attack.
The orc priest hits you but does no damage.
The worker ant bites you but does no damage.
The orc hits you but does no damage.
Your shield prevents you from hitting the worker ant.
The worker ant is severely wounded.
You closely miss the orc. You hit the orc priest.
You hit the orc priest but do no damage.
The orc hits you but does no damage. The worker ant bites you.
The orc priest hits you but does no damage.
The orc priest hits you with a +0 hand axe.
The orc barely misses you. You block the worker ant's attack.
The orc priest mumbles some strange prayers to Beogh against you.
Pain shoots through your body!
* * * LOW HITPOINT WARNING * * *
The orc priest calls upon Beogh to heal the orc.
The orc's wounds heal themselves!
You are too injured to fight recklessly!
You are too injured to fight recklessly!
You are too injured to fight recklessly!
You are too injured to fight recklessly!
You are too injured to fight recklessly!
You are too injured to fight recklessly!
You are too injured to fight recklessly!
You are too injured to fight recklessly!
You are too injured to fight recklessly!
You are too injured to fight recklessly!
You are too injured to fight recklessly!
You fail to use your ability.
The orc hits you but does no damage. You block the worker ant's attack.
The orc priest hits you with a +0 whip.
The orc priest calls down the wrath of Beogh upon you.
Pain shoots through your body!
You die...

* * * *..#, ,, ,
, .. *#.., , ,
#.. * * #... * ,
, * #...###### *
, * ###...oo...##
,,,, ,
,......o@†<..# ,
......)a.........
, , *
............##..#
###...####.## . ,
#... , .# , #...
* ## * #.. * #..
* , * *


You could see a worker ant, 2 orc priests and an orc (berserk).

Vanquished Creatures
  A worker ant (D:4)
  3 worms
  5 orcs (D:4)
  A giant cockroach (D:4)
  2 hobgoblins
  4 kobolds
  A ball python (D:3)
  2 bats (D:3)
  A frilled lizard (D:1)
  2 rats (D:3)
22 creatures vanquished.

Notes
Turn   | Place    | Note
-------+----------+-------------------------------------------
     0 | D:1      | EnegeticOcto the Deep Dwarf Fighter began the quest for the
                  | Orb.
     0 | D:1      | Reached XP level 1. HP: 20/20 MP: 1/1
   179 | D:2      | Reached XP level 2. HP: 17/27 MP: 2/2
   374 | D:4      | Reached skill level 1 in Dodging
   374 | D:4      | Reached XP level 3. HP: 34/34 MP: 3/3
   384 | D:4      | Killed from afar by an orc priest

Levels and vault maps discovered:
D:1:      minmay_arrival_wavy_path, layout_loops_corners,
          minmay_misc_feat_doors, eino_curves_03
D:2:      layout_loops_cross, overflow_temple_1_default, first_ration,
          nicolae_qazlal_eye_of_the_storm
D:3:      layout_basic, marbit_many_paths, uniq_ijyb
D:4:      layout_loops_cross, lemuel_doored_altar, kennysheep_slug_shrine,
          minmay_temple_entry_enclosed_plants, serial_shops,
          kennysheep_little_box, st_stairs_3

Skill      XL: |  1  2  3 |
---------------+----------+-----
Fighting       | 3 |  3.2
Dodging        | 1 |  1.2
Axes           | 3 |  3.0
Armour         | |  3.6
Shields        | |  3.7

Action                   || total
-------------------------++-------
Melee: War axe           ||    51
 Abil: Heal Wounds       ||     2
Armor: Scale mail        ||    38
Dodge: Dodged            ||    30
Block: Kite shield       ||    42

Table legend:
 A = Non-vault XP
 B = Vault XP
 C = Vault XP percentage of total XP
 D = Non-vault monster count
 E = Vault monster count
 F = Vault count percentage of total count
                 A         B        C        D         E       F
            +---------+---------+-------+---------+---------+-------
      Total |      85 |       0 |   0.0 |      22 |       0 |   0.0
            +---------+---------+-------+---------+---------+-------
        D:1 |       5 |       0 |   0.0 |       3 |       0 |   0.0
        D:2 |      13 |       0 |   0.0 |       4 |       0 |   0.0
        D:3 |      13 |       0 |   0.0 |       8 |       0 |   0.0
        D:4 |      54 |       0 |   0.0 |       7 |       0 |   0.0
            +---------+---------+-------+---------+---------+-------
